 Dungeon Crawl Stone Soup version 0.29-a0-231-g945431f764 (webtiles) character file.

Game seed: 11131564232441959707

661 HotDog the Cudgeller (level 7, -1/44 HPs)
             Began as a Gargoyle Fighter on Mar 1, 2022.
             Slain by a gnoll
             ... wielding a +0 flail
              (8 damage)
             ... on level 5 of the Dungeon.
             The game lasted 00:06:03 (4500 turns).

HotDog the Cudgeller (Gargoyle Fighter)             Turns: 4500, Time: 00:06:04

Health: -1/44      AC: 26    Str: 21    XL:     7   Next: 56%
Magic:  8/8        EV:  7    Int: 11    God:
Gold:   185        SH:  4    Dex:  9    Spells: 6/6 levels left

rFire   . . .      SeeInvis .   a - +0 flail (protect)
rCold   . . .      Faith    .   c - +0 buckler
rNeg    + . .      Spirit   .   m - +0 plate armour
rPois   ∞          Reflect  .   g - +0 helmet
rElec   +          Harm     .   q - +0 cloak
rCorr   .          Rampage  .   (no gloves)
Will    +....                   (no boots)
Stlth   ..........              (no amulet)
HPRegen 0.14/turn               h - ring of willpower
MPRegen 0.11/turn               (no ring)

@: mighty, under a protective aura, flying
A: sickness immunity, AC +4, negative energy resistance 1, electricity
resistance, torment resistance 1, petrification resistance, big wings, clever 1,
sturdy frame 1
a: no special abilities


You were on level 5 of the Dungeon.
You visited 1 branch of the dungeon, and saw 5 of its levels.

You collected 185 gold pieces.

Inventory:

Hand Weapons
 a - a +0 flail of protection (weapon)
Armour
 c - a +0 buckler (worn)
 g - a +0 helmet (worn)
 m - a +0 plate armour (worn)
 q - a +0 cloak (worn)
Jewellery
 h - a ring of willpower (left hand)
Scrolls
 b - a scroll of fear
 f - a scroll of brand weapon
 j - 2 scrolls of magic mapping
 n - a scroll of torment
 o - a scroll of holy word {unknown}
 p - a scroll of amnesia
Potions
 d - 4 potions of might
 e - 2 potions of mutation
 k - a potion of cancellation {unknown}
 l - a potion of flight {unknown}


   Skills:
 * Level 4.5 Fighting
 * Level 5.3 Maces & Flails
 * Level 5.0 Armour
 * Level 1.5 Dodging
 * Level 4.3 Shields
 * Level 2.2 Invocations


You had 6 spell levels left.
You didn't know any spells.
Your spell library contained the following spells:

 Spells                   Type           Power      Damage    Failure   Level
 Pain                     Necr           0%         1d4       99%         1
 Dazzling Flash           Conj/Hex       0%         N/A       100%        3
 Gell's Gravitas          Tloc           0%         N/A       100%        3
 Teleport Other           Tloc           0%         N/A       100%        3
 Agony                    Necr           0%         N/A       100%        5
 Excruciating Wounds      Necr           0%         N/A       100%        5
 Silence                  Hex/Air        0%         N/A       100%        5
 Dispersal                Tloc           0%         N/A       100%        6


Dungeon Overview and Level Annotations

Branches:
Dungeon (5/15)
 Temple: D:4-7

Altars:
Qazlal

Shops:
D:2 !

Annotations:
D:4 Dowan, Duvessa, Sigmund


Innate Abilities, Weirdness & Mutations

You are immune to sickness and miasma.
Your stone body is resilient. (AC +4)
You are immune to poison.
You resist negative energy. (rN+)
You are resistant to electric shocks. (rElec)
You are resistant to unholy torment.
You are immune to petrification.
Your large and strong wings let you fly.
Your mind is acute. (Int +2)
Your movements are slightly less encumbered by armour. (ER -2)


Message History

The gnoll hits you but does no damage.
You barely miss the gnoll.
The gnoll hits you but does no damage. x3
You sock the gnoll!
The gnoll is almost dead.
The gnoll hits you with a +0 flail. The gnoll hits you but does no damage.
You are too injured to fight recklessly!
You are too injured to fight recklessly!
You are too injured to fight recklessly!
You barely miss the gnoll.
The gnoll is almost dead.
The gnoll hits you with a +0 flail. The gnoll hits you but does no damage.
The gnoll completely misses you.
You are too injured to fight recklessly!
You barely miss the gnoll.
The gnoll is almost dead.
The gnoll hits you with a +0 flail.
* * * LOW HITPOINT WARNING * * *
The gnoll hits you but does no damage.
You are too injured to fight recklessly!
You completely miss the gnoll. The gnoll barely misses you.
The gnoll hits you with a +0 flail.
* * * LOW HITPOINT WARNING * * *
You hit the gnoll.
Your weapon exudes an aura of protection.
The gnoll is lightly wounded.
You barely miss the gnoll.
The gnoll is lightly wounded.
The gnoll hits you with a +0 flail.
* * * LOW HITPOINT WARNING * * *
You feel very mighty all of a sudden. The gnoll closely misses you.
The gnoll barely misses you.
You thump the gnoll!
Your weapon exudes an aura of protection.
You kill the gnoll!
The gnoll hits you but does no damage. The gnoll barely misses you.
You sock the gnoll!
You kill the gnoll!
The gnoll hits you but does no damage.
You barely miss the gnoll. The gnoll hits you with a +0 flail!
You die...

.8...#.......# #
......>......#.##........
.8..................)....
..#.#......#.#(.......|.
##.......# #8...8.8.
##....#.###........
##...####.8.......
###..)###....⌠....
#....@g<..........
###..)#)##........
##..#..#8.....8.
#..##..#)...!...
#...#....#.....#
#..####..##..... #..# ...
..... #.. ....#.....


You could see a gnoll.

Vanquished Creatures
  Menkaure (D:5)
  2 phantoms (D:4)
  A necrophage (D:3)
  2 jellies (D:2)
  2 hounds
  A gnoll shaman (D:5)
  2 orc wizards (D:4)
  5 gnolls
  An ufetubus (D:4)
  A worm (D:2)
  5 orcs
  11 endoplasms
  3 giant cockroaches
  2 goblins
  4 hobgoblins
  4 jackals (D:4)
  10 kobolds
  3 quokkas
  A ball python (D:3)
  2 bats (D:2)
  2 frilled lizards
  4 rats
69 creatures vanquished.

Vanquished Creatures (others)
  6 fungi (D:2)
  6 toadstools (D:2)
12 creatures vanquished.

Grand Total: 81 creatures vanquished

Notes
Turn   | Place    | Note
-------+----------+-------------------------------------------
     0 | D:1      | HotDog the Gargoyle Fighter began the quest for the Orb.
     0 | D:1      | Reached XP level 1. HP: 14/14 MP: 1/1
   117 | D:1      | Reached XP level 2. HP: 18/19 MP: 2/2
   907 | D:2      | Reached XP level 3. HP: 22/23 MP: 3/3
   944 | D:2      | Gained mutation: Your magical capacity is low. (-10% MP)
                  | [potion of mutation]
   944 | D:2      | Gained mutation: You tend to lose your temper in combat.
                  | [potion of mutation]
   945 | D:2      | Lost mutation: You tend to lose your temper in combat.
                  | [potion of mutation]
   945 | D:2      | Lost mutation: Your magical capacity is low. (-10% MP)
                  | [potion of mutation]
   945 | D:2      | Gained mutation: Your large and strong wings let you fly.
                  | [potion of mutation]
   945 | D:2      | Gained mutation: Your mind is acute. (Int +2) [potion of
                  | mutation]
   945 | D:2      | Gained mutation: Your movements are slightly less
                  | encumbered by armour. (ER -2) [potion of mutation]
  1027 | D:2      | Found Cone's Distillery.
  1106 | D:2      | Found a faded altar of an unknown god.
  1294 | D:2      | Identified the +1 scale mail of Starshine {Slay+3 SInv}
  1361 | D:2      | Reached XP level 4. HP: 18/29 MP: 4/4
  2299 | D:2      | Reached XP level 5. HP: 26/33 MP: 5/5
  2420 | D:2      | Reached skill level 1 in Invocations
  2678 | D:3      | Noticed a fire elemental
  2684 | D:3      | Found a stormy altar of Qazlal.
  2686 | D:3      | Noticed a water elemental
  2686 | D:3      | Noticed an air elemental
  2882 | D:3      | Reached skill level 1 in Dodging
  2882 | D:3      | Reached XP level 6. HP: 24/38 MP: 6/6
  3549 | D:4      | Reached XP level 7. HP: 27/44 MP: 8/8
  3718 | D:4      | Noticed Duvessa
  3719 | D:4      | Noticed Sigmund
  3719 | D:4      | Noticed Dowan
  3812 | D:5      | Entered Level 5 of the Dungeon
  3815 | D:5      | Noticed Menkaure
  4087 | D:5      | Killed Menkaure
  4088 | D:5      | Reached skill level 5 in Maces & Flails
  4481 | D:5      | Reached skill level 5 in Armour
  4500 | D:5      | Slain by a gnoll

Illustrated notes

Levels and vault maps discovered:
D:1:      lemuel_arrival_hallway, layout_rooms, grunt_decor_clamped
D:2:      cheibrodos_fertilizer, layout_basic,
          shapermc_ecumenical_altar_mp_urbaneastern, serial_shops,
          nicolae_shop_trees
D:3:      layout_basic, nicolae_qazlal_style_of_elements, columned_hall_lemuel,
          minivault_26
D:4:      layout_basic, general_overflow_altar, uniq_sigmund, uniq_duvessa
D:5:      minmay_evil_eye, layout_cave_pools, trog_hazing_becter,
          minmay_temple_entry_junction_2, serial_column_ruins,
          column_ruins_square_medium, column_ruins_open_small,
          column_ruins_corridor_straight, column_ruins_columns_straight,
          column_ruins_grid_1, column_ruins_open_tiny, column_ruins_open_tiny,
          ebering_ghost_sewer_d, item_on_display_a, uniq_menkaure, uniq_pikel,
          uniq_crazy_yiuf_cottage

Skill      XL: |  1  2  3  4  5  6  7 |
---------------+----------------------+-----
Armour         | 4 5 |  5.0
Maces & Flails | 3 4 5 |  5.3
Fighting       | 4 |  4.5
Invocations    | 1 2 |  2.2
Dodging        | 1 |  1.5
Shields        | 4 |  4.3

Action                   |  1- 3 |  4- 6 |  7- 9 || total
-------------------------+-------+-------+-------++-------
Melee: Flail             |    77 |   157 |    63 ||   297
  Use: Potion            |     2 |       |     1 ||     3
       Scroll            |       |     7 |       ||     7
Armor: Scale mail        |    24 |       |       ||    24
       Plate armour      |    14 |   155 |    60 ||   229
Dodge: Dodged            |    22 |    56 |    27 ||   105
Block: Buckler           |    14 |    36 |    17 ||    67

Table legend: (Time is in decaauts)
 A = Elapsed time spent in this place.
 B = Non-inter-level travel time spent in this place.
 C = Inter-level travel time spent in this place.
 D = Time resting spent in this place.
 E = Time spent auto-exploring this place.
 F = Levels seen in this place.
 G = Mean time per level.
                   A        B        C        D        E       F      G
               +--------+--------+--------+--------+--------+-----+--------+
         Total |   4578 |   4475 |    103 |   1966 |   1679 |   5 |  915.6 |
       Dungeon |   4578 |   4475 |    103 |   1966 |   1679 |   5 |  915.6 |
               +--------+--------+--------+--------+--------+-----+--------+

Top non-repeatable levels by time:
     D:2: 1837 daAuts
     D:4: 1177 daAuts
     D:1: 882 daAuts
     D:5: 443 daAuts
     D:3: 237 daAuts
